 Dungeon Crawl Stone Soup version 0.30.0-29-ga12c61a403 (webtiles) character file.

Game seed: 9376259539379486361

77 Munksy the Ruffian (level 4, -2/29 HPs)
             Began as a Gargoyle Monk on June 22, 2023.
             Slain by ShellytheWitch's ghost (9 damage)
             ... on level 3 of the Dungeon.
             The game lasted 00:11:23 (2189 turns).

Munksy the Ruffian (Gargoyle Monk)                  Turns: 2189, Time: 00:11:24

Health: -2/29      AC:  9    Str: 16    XL:     4   Next: 33%
Magic:  0/4        EV: 10    Int: 11    God:
Gold:   71         SH:  0    Dex: 12    Spells: 3/3 levels left

rFire   . .          .
                       - Unarmed
rCold   . . .        c - orb {light}
rNeg    + . .        p - +0 scale mail
rPois   ∞            (no helmet)
rElec   +            (no cloak)
rCorr   .            (no gloves)
SInv    .            (no boots)
Will    .....        t - amulet of guardian spirit Stlth
                     d - ring of wizardry
HPRegen 0.24/turn    (no ring)
MPRegen 0.09/turn

%: guardian spirit, wizardry (x1)
@: glowing
A: sickness immunity, AC +3, negative energy resistance 1, electricity
resistance, torment resistance 1, petrification resistance
a: no special abilities


You were on level 3 of the Dungeon.
You visited 1 branch of the dungeon, and saw 3 of its levels.

You collected 71 gold pieces.

Inventory:

Missiles
 g - 2 stones (quivered)
Armour
 a - a +0 robe
 c - an orb of light (worn)
 p - a +0 scale mail (worn)
 s - a +0 leather armour
Jewellery
 d - a ring of wizardry (left hand)
 t - an amulet of guardian spirit (around neck)
Wands
 w - a wand of flame (28)
Scrolls
 e - a scroll of identify {unknown}
 f - 3 scrolls of torment {unknown}
 i - a scroll of noise {unknown}
 j - a scroll of immolation {unknown}
 n - a scroll of amnesia {unknown}
 u - a scroll of teleportation {unknown}
Potions
 h - 2 potions of heal wounds {unknown}
 k - a potion of brilliance {unknown}
 l - a potion of degeneration {unknown}
 m - 2 potions of cancellation {unknown}
 o - a potion of berserk rage {unknown}
 q - a potion of mutation {unknown}
 r - 2 potions of curing {unknown}
 v - a potion of lignification {unknown}


   Skills:
 + Level 3.8 Fighting
 + Level 0.3 Armour
 + Level 2.9 Dodging
 + Level 0.4 Stealth
 + Level 4.1 Unarmed Combat


You had 3 spell levels left.
You didn't know any spells.
Your spell library contained the following spells:

 Spells                   Type           Power      Damage    Failure   Level
 Beastly Appendage        Tmut           0%         N/A       45%         1
 Wereblood                Tmut           0%         N/A       58%         2
 Spider Form              Tmut/Pois      0%         N/A       82%         3
 Summon Lightning Spire   Summ/Air       0%         N/A       99%         4
 Storm Form               Tmut/Air       0%         N/A       100%        7
 Maxwell's Capacitive Co  Air            0%         ∞         100%        8


Dungeon Overview and Level Annotations

Branches:
Dungeon (3/15)

Altars:
Makhleb

Annotations:
D:3 ShellytheWitch's ghost, amateur DrBe


Innate Abilities, Weirdness & Mutations

You are immune to sickness and miasma.
Your stone body is resilient. (AC +3)
You are immune to poison.
You resist negative energy. (rN+)
You are resistant to electric shocks. (rElec)
You are resistant to unholy torment.
You are immune to petrification.


Message History

ShellytheWitch's ghost is severely damaged.
ShellytheWitch's ghost barely misses you.
You barely miss ShellytheWitch's ghost.
ShellytheWitch's ghost is severely damaged.
You completely miss ShellytheWitch's ghost.
ShellytheWitch's ghost is severely damaged.
ShellytheWitch's ghost hits you but does no damage.
You hit ShellytheWitch's ghost.
ShellytheWitch's ghost is almost destroyed.
ShellytheWitch's ghost barely misses you.
You barely miss ShellytheWitch's ghost.
ShellytheWitch's ghost is almost destroyed.
ShellytheWitch's ghost closely misses you.
You closely miss ShellytheWitch's ghost.
ShellytheWitch's ghost is almost destroyed.
ShellytheWitch's ghost hits you!
You hit ShellytheWitch's ghost.
ShellytheWitch's ghost is almost destroyed.
ShellytheWitch's ghost hits you but does no damage.
You hit ShellytheWitch's ghost.
ShellytheWitch's ghost is almost destroyed.
ShellytheWitch's ghost whispers, "Soon you will have time, lots of time..."
ShellytheWitch's ghost hits you but does no damage.
You hit ShellytheWitch's ghost but do no damage.
ShellytheWitch's ghost is almost destroyed.
ShellytheWitch's ghost hits you!
* * * LOW HITPOINT WARNING * * *
You hit ShellytheWitch's ghost.
ShellytheWitch's ghost is almost destroyed.
ShellytheWitch's ghost closely misses you.
You hit ShellytheWitch's ghost but do no damage.
ShellytheWitch's ghost is almost destroyed.
ShellytheWitch's ghost closely misses you.
You hit ShellytheWitch's ghost but do no damage.
ShellytheWitch's ghost is almost destroyed.
ShellytheWitch's ghost hits you but does no damage.
You hit ShellytheWitch's ghost.
ShellytheWitch's ghost is almost destroyed.
ShellytheWitch's ghost hits you!
You die...

#############
#...........#
#.#########.#######
#.#................
#.##.####.#.##########
#.##.#....#..W@.......
#.##.#.#..#..########.
#.##.#.......#
#.##.#.......#
###.######''#### ....#
#§..≈≈~.# .####
##§≈#.8..#
.#######.~?~~#.#
......#.#..(..##


You could see ShellytheWitch's ghost.

Vanquished Creatures
  An adder (D:2)
  3 dart slugs
  4 endoplasms
  A giant cockroach (D:1)
  5 goblins (D:1)
  3 hobgoblins (D:1)
  12 jackals
  3 quokkas
  8 ball pythons
  4 bats (D:1)
  3 frilled lizards
  8 rats
55 creatures vanquished.

Notes
Turn   | Place    | Note
-------+----------+-------------------------------------------
     0 | D:1      | Munksy the Gargoyle Monk began the quest for the Orb.
     0 | D:1      | Reached XP level 1. HP: 14/14 MP: 1/1
    70 | D:1      | Reached XP level 2. HP: 9/19 MP: 2/2
   297 | D:1      | Reached XP level 3. HP: 24/24 MP: 3/3
   335 | D:1      | Found a faded altar of an unknown god.
  1199 | D:2      | Reached skill level 4 in Unarmed Combat
  1199 | D:2      | Reached XP level 4. HP: 25/29 MP: 4/4
  1334 | D:2      | Found a burning altar of Makhleb.
  2117 | D:3      | Found a large runed translucent door.
  2117 | D:3      | Found a large runed translucent door.
  2132 | D:3      | Noticed ShellytheWitch's ghost (amateur DrBe)
  2189 | D:3      | Slain by ShellytheWitch's ghost

Illustrated notes

Levels and vault maps discovered:
D:1:      lemuel_arrival_cross, layout_loops_ring,
          shapermc_ecumenical_altar_mp_highgroup, kennysheep_small_spiral
D:2:      layout_basic, basic_altar, minivault_25
D:3:      layout_basic, ebering_ghost_disaster_area

Skill      XL: |  1  2  3 |
---------------+----------+-----
Unarmed Combat | 4 |  4.1
Fighting       | |  3.8
Armour         | |  0.3
Dodging        | |  2.9
Stealth        | |  0.4

Action                     |  1- 3 |  4- 6 || total
---------------------------+-------+-------++-------
  Melee: Unarmed           |   134 |    63 ||   197
    Use: Potion            |       |     1 ||     1
 Armour: Robe              |    35 |       ||    35
         Scale mail        |     8 |    19 ||    27
  Dodge: Dodged            |    88 |    22 ||   110
